cohdb
Replays
Latest Replays
All Replays
Popular Replays
Top Player Replays
Match Explorer
How It Works
Community
CoH3 Stats
Reddit
Sign in to upload your games and track your stats! →
Sign in with Steam
Match 41074264
Unlisted
Match 41074264
Overview
Messages
Build Orders
End
Construct Section Command Post
Dingo Light Scout Car
Infantry Section
Infantry Section
Infantry Section
Construct Field Infirmary
Vickers Machine Gun Team
Construct Platoon Command Post
Team Weapon Training
Unlock Bishop Self-propelled Artillery
Vickers Machine Gun Team
Bishop Self-propelled Artillery
Grenade Package
Bishop Self-propelled Artillery
RMN-50
Valkyrie_Tone
???
BÖRK
Kylen
runningDuck
0
0
Comments
sign in to comment!
No comments posted yet!